 Dungeon Crawl Stone Soup version 0.22-a0-274-gf8199ec (webtiles) character file.

27 varam the Ruffian (level 2, -2/29 HPs)
             Began as a Troll Monk on Mar 13, 2018.
             Killed by divine providence
             ... invoked by an orc priest
              (16 damage)
             ... on level 4 of the Dungeon.
             The game lasted 00:01:35 (666 turns).

varam the Ruffian (Troll Monk)                       Turns: 666, Time: 00:01:35

Health: -2/29      AC:  5    Str: 18    XL:     2   Next: 93%
Magic:  1/1        EV: 10    Int:  9    God:
Gold:   75         SH:  0    Dex: 12    Spells: 1/1 levels left

rFire    . . .     SeeInvis .     - Unarmed
rCold    . . .     Gourm    +   (no shield)
rNeg     . . .     Faith    .   a - +0 robe
rPois    .         Spirit   .   (helmet restricted)
rElec    .         Reflect  .   (no cloak)
rCorr    .         Harm     .   (gloves unavailable)
MR       .....     Rnd*Tele +   (boots unavailable)
Stlth    ++........             (no amulet)
HPRegen  0.49/turn              i - ring of teleportation (curse)
MPRegen  0.07/turn              k - +3 ring of intelligence

@: no status effects
A: large, unfitting armour, claws 3, fast metabolism 3, gourmand, regeneration
1, shaggy fur 1, tough skin 2
a: no special abilities


You were on level 4 of the Dungeon.
You were full.

You visited 1 branch of the dungeon, and saw 3 of its levels.

You collected 75 gold pieces.

Inventory:

Armour
 a - a +0 robe (worn)
Jewellery
 c - an uncursed ring of resist corrosion
 i - a cursed ring of teleportation (left claw)
 k - a +3 ring of intelligence (right claw)
Scrolls
 h - a scroll of fog
 j - a scroll of amnesia
Potions
 e - 2 potions of degeneration {unknown}
 f - a potion of resistance {unknown}
 g - a potion of brilliance {unknown}
Comestibles
 b - 2 rations


   Skills:
 - Level 2.4 Fighting
 - Level 2.4 Dodging
 - Level 1.0 Stealth
 + Level 4.2 Unarmed Combat


You had one spell level left.
You didn't know any spells.

Dungeon Overview and Level Annotations

Branches:
Dungeon (2/15)

Altars:
Uskayaw


Innate Abilities, Weirdness & Mutations

You are too large for most types of armour.
You have claws for hands.
Your metabolism is lightning-fast.
You like to eat raw meat.
Your natural rate of healing is unusually fast.
You are covered in fur. (AC +1)
You have very tough skin. (AC +2)


Message History

The orc shouts!
The orc priest shouts!
The orc priest begins to cast a cantrip, but forgets the words!
The orc priest falls through a shaft!
The shaft crumbles and collapses.
You closely miss the orc. The orc closely misses you.
You scratch the orc.
The orc is moderately wounded.
The orc hits you.
You claw the orc!
You kill the orc!
The leopard gecko hisses menacingly.
You closely miss the leopard gecko. The leopard gecko barely misses you.
You barely miss the leopard gecko. The leopard gecko bites you.
The leopard gecko barely misses you.
You closely miss the leopard gecko. The leopard gecko bites you.
The orc priest mumbles some strange prayers to Beogh against you.
Beogh smites you!
The orc priest mumbles some strange prayers to Beogh against you.
Beogh smites you!
Ouch! That really hurt!
You die...

..8.......
##........ #..8.....
##.....!) ...
...8..._ ..8.
#########....###....
#oo...l@...........
#.#######........#
#.# #........# #.#
#.o......#
#o#######o.).....##
#o..o.l.o...........
#########...........
##.####..... #.#
.....


You could see an orc priest, an orc and a leopard gecko.

Vanquished Creatures
  An ooze (D:1)
  A dart slug (D:1)
  2 orcs (D:4)
  A ball python (D:1)
  A giant cockroach (D:4)
  3 goblins (D:1)
  4 kobolds
  3 bats (D:1)
  A frilled lizard (D:1)
17 creatures vanquished.

Notes
Turn   | Place    | Note
-------+----------+-------------------------------------------
     0 | D:1      | varam the Troll Monk began the quest for the Orb.
     0 | D:1      | Reached XP level 1. HP: 22/22 MP: 0/0
   207 | D:1      | Reached XP level 2. HP: 29/29 MP: 1/1
   429 | D:1      | Reached skill level 4 in Unarmed Combat
   618 | D:2      | You fall through a shaft for 2 floors!
   619 | D:4      | Noticed an ogre
   666 | D:4      | Found a hide-covered altar of Uskayaw.
   666 | D:4      | Killed from afar by an orc priest

Vault maps used:
D:1:      sevenhm_arrival_forest_fort_large_2, serial_glass, glass_columns_a,
          glass_columns_a
D:2:      first_ration, st_stairs_4
D:4:      eat_drink_and_be_merry_uskayaw, uniq_duvessa, uniq_robin

Skill      XL: |  1  2 |
---------------+-------+-----
Unarmed Combat | 4 |  4.2
Fighting       | |  2.4
Dodging        | |  2.4
Stealth        | |  1.0

Action                   || total
-------------------------++-------
Melee: Unarmed           ||    34
  Use: Scroll            ||     3
  Eat: Chunk             ||     9
Armor: Robe              ||    15
Dodge: Dodged            ||    12

Table legend:
 A = Spawn XP
 B = Non-spawn XP
 C = Spawn XP percentage of total XP
 D = Spawn monster count
 E = Non-spawn monster count
 F = Spawn count percentage of total count
 G = Total turns spent on level
                    A         B        C        D         E        F      G
               +---------+---------+-------+---------+---------+-------+---------
         Total |       0 |      39 |   0.0 |       0 |      17 |   0.0 |   666
               +---------+---------+-------+---------+---------+-------+---------
           D:1 |       0 |      30 |   0.0 |       0 |      13 |   0.0 |   586
           D:2 |       0 |       1 |   0.0 |       0 |       1 |   0.0 |    32
           D:4 |       0 |       8 |   0.0 |       0 |       3 |   0.0 |    48
               +---------+---------+-------+---------+---------+-------+---------
